 Dungeon Sprint DCSS version 0.31-a0-18-gea43df2a32 (webtiles) character file.

Game seed: 16354810994073561058

20344 sircluck the Wrestler (level 12, -10/117 HPs)
             Began as a Troll Berserker on May 11, 2023.
             Was the Champion of Trog.
             Mangled by the 27-headed Lernaean hydra (13 damage)
             ... in the Dungeon (Sprint II: "The Violet Keep of Menkaure").
             The game lasted 00:18:01 (2986 turns).

sircluck the Wrestler (Troll Berserker)             Turns: 2986, Time: 00:18:01

Health: -10/117    AC:  9    Str: 29 (32) XL:     12   Next: 44%
Magic:  20/20      EV: 12    Int:  1 (3)  God:    Trog [******]
Gold:   410        SH: 10    Dex: 13 (15) Spells: 11/11 levels left

rFire   . .          .
                       - Unarmed
rCold   + + +        j - +0 kite shield
rNeg    . . .        h - +2 ice dragon scales
rPois   +            (helmet restricted)
rElec   .            z - scarf {rC+ rF+}
rCorr   .            (gloves unavailable)
SInv    .            (boots unavailable)
Will    .....        b - amulet of faith
Stlth   +            m - +6 ring of dexterity
HPRegen 1.19/turn    g - ring of Creativity {rPois rC+ MP+9 Slay+2}
MPRegen 0.17/turn

%: no teleportation, faith
@: no status effects
A: large, unfitting armour, claws 3, regeneration 1, shaggy fur 1, tough skin 1,
deformed body, frail 1
a: Renounce Religion, Berserk, Trog's Hand, Brothers in Arms


You were in the Dungeon.
You worshipped Trog.
Trog was exalted by your worship.
You visited 1 branch You collected 3698 gold pieces.
You spent 3288 gold pieces at shops.

Inventory:

Missiles
 i - 4 poisoned darts (quivered)
 n - 44 stones
 x - 5 boomerangs
Armour
 a - a +0 animal skin
 h - +2 ice dragon scales (worn)
 j - a +0 kite shield (worn)
 z - a scarf of resistance (worn)
Jewellery
 b - an amulet of faith (around neck)
 g - the ring of Creativity (right claw) {rPois rC+ MP+9 Slay+2}
   (You bought it in a shop in the Dungeon)

   [ring of protection from cold]

   Slay:      It affects your accuracy & damage with ranged weapons and melee
   (+2).
   rC:        It protects you from cold.
   rPois:     It protects you from poison.
   MP:        It affects your magic capacity (+9).
 m - a +6 ring of dexterity (left claw)
Scrolls
 l - 4 scrolls of identify
 q - a scroll of fog
 t - 2 scrolls of amnesia
Potions
 c - 3 potions of heal wounds
 d - a potion of haste
 e - 14 potions of magic
 f - a potion of berserk rage
 k - 2 potions of might
 p - 2 potions of resistance
 r - a potion of curing
 v - 11 potions of flight


   Skills:
 + Level 11.7 Fighting
 + Level 1.7 Throwing
 + Level 3.6 Armour
 + Level 14.0 Dodging
 + Level 3.0 Stealth
 + Level 6.5 Shields
 + Level 22.6 Unarmed Combat


You had 11 spell levels left.
You didn't know any spells.
Your spell library was empty.

Dungeon Overview and Level Annotations

Branches:
Dungeon (1/1)

Altars:
Cheibriados
Dithmenos
Elyvilon
Fedhas
Gozag
Hepliaklqana
Kikubaaqudgha
Makhleb
Nemelex Xobeh
Okawaru
Qazlal
Ru
Sif Muna
Trog
Uskayaw
Vehumet
Wu Jian
Xom
Yredelemnul
Zin
The Shining One
Jiyva
Lugonu

Shops:
D :?:!*!*[:[(([!((==!:([?(:[*:

Annotations:
D Lernaean hydra


Innate Abilities, Weirdness & Mutations

You are too large for most types of armour.
You have claws for hands.
Your natural rate of healing is unusually fast.
You are covered in fur. (AC +1)
You have tough skin. (AC +1)
Armour fits poorly on your strangely shaped body.
You are frail. (-10% HP)


Message History

You see here a manticore skeleton.
The 27-headed Lernaean hydra roars deafeningly!
There is an open door, spattered with blood here.
Things that are here:
a +0 glaive; +0 fire dragon scales
There is an open door here.
You open the door.
You completely miss the 27-headed Lernaean hydra.
The 27-headed Lernaean hydra bites you! The 27-headed Lernaean hydra bites you.
The 27-headed Lernaean hydra bites you! The 27-headed Lernaean hydra bites you.
You block the 27-headed Lernaean hydra's attack.
The 27-headed Lernaean hydra bites you!
The 27-headed Lernaean hydra bites you but does no damage.
The 27-headed Lernaean hydra bites you.
The 27-headed Lernaean hydra closely misses you. x2
The 27-headed Lernaean hydra bites you but does no damage.
You block the 27-headed Lernaean hydra's attack.
The 27-headed Lernaean hydra bites you!
The 27-headed Lernaean hydra bites you but does no damage.
The 27-headed Lernaean hydra barely misses you.
The 27-headed Lernaean hydra bites you. The 27-headed Lernaean hydra bites you!
The 27-headed Lernaean hydra bites you. The 27-headed Lernaean hydra bites you!
* * * LOW HITPOINT WARNING * * *
The 27-headed Lernaean hydra bites you!
* * * LOW HITPOINT WARNING * * *
The 27-headed Lernaean hydra bites you.
* * * LOW HITPOINT WARNING * * *
The 27-headed Lernaean hydra completely misses you.
The 27-headed Lernaean hydra bites you!
* * * LOW HITPOINT WARNING * * *
The 27-headed Lernaean hydra bites you.
* * * LOW HITPOINT WARNING * * *
The 27-headed Lernaean hydra bites you but does no damage.
The 27-headed Lernaean hydra barely misses you.
You block the 27-headed Lernaean hydra's attack.
The 27-headed Lernaean hydra attacks as you move away!
The 27-headed Lernaean hydra bites you.
* * * LOW HITPOINT WARNING * * *
The 27-headed Lernaean hydra bites you!
You die...

##...######~~####...
#[..#.÷÷)##~~~#..##
#∩..÷..#'##'#~####.
#...#)##≈##.#~~##'#
#...###≈≈≈####~~~~~
##'###≈≈≈≈≈#,#'○'#+
#[).##≈≈≈≈§###○°○°°
##'###§≈≈≈§##...○.°
#.@.#+≈§≈≈≈')○°.○○○
##D###≈≈≈≈≈##○○°.○○
*$.)##≈≈≈≈≈###°○°°○
##+###≈≈≈≈≈#∩####°#
*,,,*##§≈§##....###
*,∩,+*##≈##∩.......
*,,,*,,##*########.
******,,,,,).,ooo#.
***********##*#####.


You could see the 27-headed Lernaean hydra.

Vanquished Creatures
  Kirke (D)
  An orc warlord (D)
  A yaktaur captain (D)
  A crystal guardian (D)
  An ice dragon (D)
  A centaur warrior (D)
  2 boulder beetles (D)
  An iron elemental (D)
  A skeletal warrior (D)
  2 death drakes (D)
  An obsidian statue (D)
  3 shining eyes (D)
  3 manticores (D)
  An oklob plant (D)
  An elephant (D)
  2 toenail golems (D)
  2 slime creatures (D)
  2 cane toads (D)
  A yaktaur (D)
  A kobold demonologist (D)
  3 polar bears (D)
  A hornet (D)
  12 flying skulls (D)
  2 wyverns (D)
  3 yaks (D)
  2 redbacks (D)
  4 neqoxecs (D)
  8 water moccasins (D)
  3 black bears (D)
  2 swamp drakes (D)
  A necrophage (D)
  A scorpion (D)
  3 electric eels (D)
  An iron imp (D)
  3 worms (D)
  A spectral bat (D)
  A spectral ball python (D)
80 creatures vanquished.

Vanquished Creatures (collateral kills)
  A kraken (D)
  6 electric eels (D)
  4 tentacles (D)
11 creatures vanquished.

Vanquished Creatures (others)
  Menkaure (D)
  4 tentacles (D)
5 creatures vanquished.

Grand Total: 96 creatures vanquished

Notes
Turn   | Place    | Note
-------+----------+-------------------------------------------
     0 | D        | sircluck the Troll Berserker began the quest for the Orb.
     0 | D        | Reached XP level 1. HP: 22/22 MP: 0/0
    15 | D        | Reached ** piety under Trog
    16 | D        | Reached XP level 2. HP: 15/31 MP: 1/1
    54 | D        | Killed Menkaure
   145 | D        | Noticed a wyvern
   145 | D        | Noticed a wyvern
   149 | D        | Killed a wyvern
   150 | D        | Reached skill level 5 in Fighting
   150 | D        | Reached skill level 5 in Dodging
   150 | D        | Reached skill level 6 in Unarmed Combat
   150 | D        | Reached XP level 3. HP: 40/42 MP: 2/2
   150 | D        | Reached XP level 4. HP: 47/50 MP: 3/3
   150 | D        | Reached XP level 5. HP: 54/57 MP: 4/4
   151 | D        | Killed a wyvern
   152 | D        | Reached skill level 8 in Unarmed Combat
   152 | D        | Reached XP level 6. HP: 66/68 MP: 5/5
   161 | D        | Noticed a water moccasin
   169 | D        | Killed a water moccasin
   170 | D        | Reached skill level 9 in Unarmed Combat
   202 | D        | Noticed a boulder beetle
   202 | D        | Noticed a boulder beetle
   206 | D        | Noticed a neqoxec
   206 | D        | Noticed a neqoxec
   206 | D        | Noticed a neqoxec
   206 | D        | Noticed a neqoxec
   213 | D        | Killed a neqoxec
   213 | D        | Reached *** piety under Trog
   214 | D        | Reached XP level 7. HP: 78/78 MP: 6/6
   216 | D        | Killed a neqoxec
   217 | D        | Reached skill level 10 in Unarmed Combat
   217 | D        | Gained mutation: Armour fits poorly on your strangely
                  | shaped body. [a neqoxec]
   220 | D        | Killed a neqoxec
   223 | D        | Killed a neqoxec
   223 | D        | Reached **** piety under Trog
   224 | D        | Reached skill level 11 in Unarmed Combat
   273 | D        | Killed a boulder beetle
   274 | D        | Reached skill level 12 in Unarmed Combat
   274 | D        | Reached XP level 8. HP: 91/91 MP: 7/7
   285 | D        | Killed a boulder beetle
   286 | D        | Reached skill level 10 in Dodging
   286 | D        | Reached skill level 13 in Unarmed Combat
   286 | D        | Reached XP level 9. HP: 48/98 MP: 8/8
   321 | D        | Found Soydorha's Jewellery Shoppe.
   321 | D        | Found Ytablum's Antique Weapon Shoppe.
   321 | D        | Found Xairar's Book Shoppe.
   321 | D        | Found Matoy's Jewellery Emporium.
   321 | D        | Found Zenebra's Assorted Antiques.
   321 | D        | Found Oty Immuge's Magic Scroll Emporium.
   322 | D        | Found Bibruad's Antique Armour Emporium.
   322 | D        | Found Zuwenlil's Book Shoppe.
   322 | D        | Found Meron's Distillery.
   322 | D        | Found Efukhoro's Armour Shoppe.
   322 | D        | Found Yrghux's Antique Weapon Emporium.
   323 | D        | Found Caudynul's Book Shoppe.
   323 | D        | Found Iheyriqudo's Antique Armour Emporium.
   323 | D        | Noticed a manticore
   324 | D        | Found Jeanoelo's Distillery.
   324 | D        | Noticed a manticore
   325 | D        | Noticed a manticore
   325 | D        | Noticed an oklob plant
   337 | D        | Found Usof's Book Shoppe.
   339 | D        | Noticed an iron elemental
   354 | D        | Bought a scroll of acquirement for 728 gold pieces
   354 | D        | Bought a scroll of magic mapping for 105 gold pieces
   399 | D        | Bought a +0 kite shield for 49 gold pieces
   422 | D        | Noticed an obsidian statue
   472 | D        | Reached skill level 14 in Unarmed Combat
   472 | D        | Reached ***** piety under Trog
   485 | D        | Reached skill level 10 in Fighting
   485 | D        | Reached skill level 15 in Unarmed Combat
   486 | D        | Received a gift from Trog
   496 | D        | Reached XP level 10. HP: 30/111 MP: 9/9
   498 | D        | Reached skill level 16 in Unarmed Combat
   663 | D        | Found a stormy altar of Qazlal.
   664 | D        | Found a hazy altar of Hepliaklqana.
   664 | D        | Found a sacrificial altar of Ru.
   664 | D        | Found an ornate altar of the Wu Jian Council.
   665 | D        | Found a viscous altar of Jiyva.
   665 | D        | Found a shimmering blue altar of Sif Muna.
   666 | D        | Found a shimmering altar of Xom.
   667 | D        | Found a snail-covered altar of Cheibriados.
   667 | D        | Found an ancient bone altar of Kikubaaqudgha.
   667 | D        | Found a bloodstained altar of Trog.
   668 | D        | Found a shadowy altar of Dithmenos.
   668 | D        | Found a corrupted altar of Lugonu.
   669 | D        | Found a white marble altar of Elyvilon.
   669 | D        | Found a burning altar of Makhleb.
   670 | D        | Found a blossoming altar of Fedhas.
   673 | D        | Found an opulent altar of Gozag.
   683 | D        | Received a gift from Trog
   748 | D        | Found a glowing golden altar of the Shining One.
   748 | D        | Found a basalt altar of Yredelemnul.
   748 | D        | Found a hide-covered altar of Uskayaw.
   748 | D        | Found a sparkling altar of Nemelex Xobeh.
   749 | D        | Found a glowing silver altar of Zin.
   749 | D        | Found a radiant altar of Vehumet.
   749 | D        | Found an iron altar of Okawaru.
   754 | D        | Noticed an orange crystal statue
   787 | D        | Noticed a kraken
   797 | D        | Killed a kraken
   798 | D        | Reached skill level 1 in Shields
   798 | D        | Reached skill level 17 in Unarmed Combat
  1032 | D        | Reached skill level 18 in Unarmed Combat
  1134 | D        | Noticed a death drake
  1144 | D        | Killed a death drake
  1144 | D        | Received a gift from Trog
  1226 | D        | Noticed a death drake
  1334 | D        | Noticed a crystal guardian
  1348 | D        | Killed a death drake
  1349 | D        | Reached skill level 1 in Stealth
  1349 | D        | Reached XP level 11. HP: 100/120 MP: 10/10
  1352 | D        | Killed a crystal guardian
  1408 | D        | Noticed an ice dragon
  1414 | D        | Killed an ice dragon
  1415 | D        | Reached skill level 19 in Unarmed Combat
  1430 | D        | Noticed a shining eye
  1430 | D        | Noticed a shining eye
  1430 | D        | Noticed a shining eye
  1434 | D        | Gained mutation: You are frail. (-10% HP) [a shining eye]
  1435 | D        | Killed a shining eye
  1435 | D        | Reached ****** piety under Trog
  1440 | D        | Killed a shining eye
  1443 | D        | Killed a shining eye
  1468 | D        | Noticed a deep elf master archer
  1561 | D        | Received a gift from Trog
  1679 | D        | Noticed Kirke
  1679 | D        | Noticed a skeletal warrior
  1679 | D        | Noticed a yaktaur captain
  1680 | D        | Noticed a centaur warrior
  1687 | D        | Killed a yaktaur captain
  1688 | D        | Reached skill level 20 in Unarmed Combat
  1694 | D        | Killed Kirke
  1699 | D        | Reached skill level 1 in Throwing
  1702 | D        | Killed a skeletal warrior
  1707 | D        | Noticed a soul eater
  1709 | D        | Reached skill level 5 in Shields
  1716 | D        | Killed a centaur warrior
  1717 | D        | Reached skill level 21 in Unarmed Combat
  1759 | D        | Received a gift from Trog
  1789 | D        | Received a gift from Trog
  1792 | D        | Reached XP level 12. HP: 84/117 MP: 11/11
  1813 | D        | Found Koluh's Book Emporium.
  1813 | D        | Found Anaizxo's Distillery.
  1813 | D        | Found Zouj's Magic Scroll Shop.
  1813 | D        | Found Teutuet's Assorted Antiques.
  1813 | D        | Found Yhiedaoly's General Store.
  1814 | D        | Found Nogoaj's Distillery.
  1814 | D        | Found Ducar's Antique Armour Boutique.
  1814 | D        | Found Xuqa's Antique Weapon Emporium.
  1814 | D        | Found Wausocze's Antique Weapon Shop.
  1814 | D        | Found Pysch's Weapon Emporium.
  1814 | D        | Found Coneugho's Antique Weapon Shop.
  1814 | D        | Found Zucukkad's Armour Shoppe.
  1939 | D        | Bought a potion of heal wounds for 50 gold pieces
  1939 | D        | Bought a potion of curing for 30 gold pieces
  1939 | D        | Bought a potion of curing for 30 gold pieces
  1940 | D        | Bought a potion of heal wounds for 55 gold pieces
  1940 | D        | Bought a potion of heal wounds for 55 gold pieces
  1940 | D        | Acquired 1357 gold pieces
  1943 | D        | Bought runed ice dragon scales for 1512 gold pieces
  2181 | D        | Bought the ring of Creativity {rPois rC+ MP+9 Slay+2} for
                  | 635 gold pieces
  2469 | D        | Received a gift from Trog
  2525 | D        | Bought a potion of flight for 39 gold pieces
  2558 | D        | Found Muischau's Book Boutique.
  2570 | D        | Noticed an orc warlord
  2572 | D        | Noticed the 27-headed Lernaean hydra
  2579 | D        | Received a gift from Trog
  2587 | D        | Reached skill level 1 in Armour
  2609 | D        | Killed an iron elemental
  2610 | D        | Reached skill level 22 in Unarmed Combat
  2613 | D        | Received a gift from Trog
  2670 | D        | Killed an orc warlord
  2986 | D        | HP: 3/117 [the 27-headed Lernaean hydra (3)]
  2986 | D        | Mangled by the 27-headed Lernaean hydra

Illustrated notes

Levels and vault maps discovered:
D:        the_violet_keep_of_menkaure [sprint2_stairs_cluster_1,
          sprint2_shoproom, sprint2_temple, sprint2_basic_supplies,
          sprint2_obstacle_3, sprint2_obstacle_4, sprint2_obstacle_1,
          sprint2_obstacle_7, sprint2_obstacle_6, sprint2_timed_cluster_1,
          sprint2_smallroom_cluster_1, sprint2_smallroom_final_cluster_1,
          sprint2_transparent_cluster_1, sprint2_second_timed_cluster_1,
          sprint2_sniper_area_1, sprint2_heavy_combat_area_1,
          sprint2_mutation_trap_area_1, sprint2_forest_area_1,
          sprint2_light_combat_area_1, sprint2_behind_water_1,
          sprint2_near_end_vault_1]

Skill      XL: |  1  2  3  4  5  6  7  8  9 10 11 12 |
---------------+-------------------------------------+-----
Fighting       | 3 5 6 7 8 9 10 11 | 11.7
Dodging        | 3 5 6 7 9 10 11 12 13 14 | 14.0
Unarmed Combat | 6 8 9 12 13 15 18 21 22 | 22.6
Shields        | 2 5 6 |  6.5
Stealth        | 1 2 3 |  3.0
Throwing       | 1 |  1.7
Armour         | 3 |  3.6

Action                     |  1- 3 |  4- 6 |  7- 9 | 10-12 || total
---------------------------+-------+-------+-------+-------++-------
  Melee: Unarmed           |    14 |    16 |    67 |   182 ||   279
         Punch             |       |       |     4 |       ||     4
  Throw: Dart              |       |       |       |     3 ||     3
 Invoke: Berserk           |     1 |     1 |     2 |     4 ||     8
         Brothers in Arms  |       |       |       |     4 ||     4
    Use: Scroll            |       |       |     1 |    10 ||    11
         Potion            |       |       |       |     9 ||     9
 Armour: Animal skin       |     1 |     3 |     5 |    10 ||    19
         Ice dragon scales |       |       |       |     4 ||     4
  Dodge: Dodged            |     1 |     6 |    29 |    82 ||   118
  Block: Kite shield       |       |       |     6 |    65 ||    71

Table legend: (Time is in decaauts)
 A = Elapsed time spent in this place.
 B = Non-inter-level travel time spent in this place.
 C = Inter-level travel time spent in this place.
 D = Time resting spent in this place.
 E = Time spent auto-exploring this place.
 F = Levels seen in this place.
 G = Mean time per level.
                   A        B        C        D        E       F      G
               +--------+--------+--------+--------+--------+-----+--------+
         Total |   3007 |   2779 |    228 |   1534 |    285 |   1 | 3007.0 |
       Dungeon |   3007 |   2779 |    228 |   1534 |    285 |   1 | 3007.0 |
               +--------+--------+--------+--------+--------+-----+--------+

Top non-repeatable levels by time:
       D: 3007 daAuts
